[Event "Team 45 45 League T76"]
[Site "Internet Chess Club"]
[Date "2018.04.09"]
[Round "3"]
[White "LuFran"]
[Black "Andaluz"]
[Result "1/2-1/2"]
[WhiteElo "1422"]
[BlackElo "1251"]
[Opening "Nimzo-Indian: Kmoch variation"]
[ECO "E20"]
[Time "15:00:36"]
[TimeControl "2700+45"]

1. d4 Nf6 2. c4 e6 3. Nc3 Bb4 4. f3 d5 5. a3 Be7 6. e4 c6 7. e5 Nfd7 8. f4 f5 9.
Nh3 h6 10. Be2 Bh4+ 11. Nf2 g6 12. Bd2 Nb6 13. c5 Nc4 14. Bxc4 dxc4 15. Be3 b5
16. b4 Bb7 17. Ke2 a5 18. Qc2 axb4 19. axb4 Na6 20. Qb2 Kf7 21. Rhd1 Qd7 22. Kf1
Nc7 {Game drawn by mutual agreement} 1/2-1/2

[Event "Team 45 45 League T76"]
[Site "Internet Chess Club"]
[Date "2018.04.06"]
[Round "3"]
[White "olivermx"]
[Black "BrianWood"]
[Result "0-1"]
[WhiteElo "1268"]
[BlackElo "1499"]
[Opening "Sicilian"]
[ECO "B50"]
[Time "22:01:09"]
[TimeControl "2700+45"]

1. e4 c5 2. Nf3 d6 3. Bc4 e6 4. Nc3 Nc6 5. O-O Nf6 6. d3 Be7 7. Be3 a6 8. a3 b5
9. Ba2 O-O 10. h3 Bb7 11. Qd2 Qc7 12. Ne2 Rad8 13. Ng3 d5 14. exd5 exd5 15. Nf5
Ne5 16. Nxe7+ Qxe7 17. Nxe5 Qxe5 18. Bxc5 Rfe8 19. c3 Ne4 20. dxe4 dxe4 21. Bd4
Qf5 22. Qe3 Bd5 23. Bxd5 Rxd5 24. f3 Rxd4 25. cxd4 Qd5 26. Rac1 f5 27. Rc7 Qd8
28. Qb3+ Kh8 29. Qf7 Qxd4+ 30. Kh1 Rg8 31. Rd7 Qe3 32. Rfd1 exf3 33. Rd8 fxg2+
34. Kxg2 Qg5+ 35. Kf3 Rxd8 36. Rxd8+ Qxd8 37. Qxf5 Qf6 38. Qxf6 gxf6 39. Kf4 a5
40. Kf5 Kg7 41. b4 axb4 42. axb4 h5 43. h4 Kf7 44. Kf4 Ke6 45. Ke4 f5+ 46. Kf4
Kf6 47. Kf3 Ke5 48. Ke3 f4+ 49. Kf2 Ke4 50. Ke2 Kd4 51. Kf3 Kc4 52. Kxf4 Kxb4
53. Kg5 Kc3 54. Kxh5 b4 55. Kg6 b3 56. h5 b2 57. h6 b1=Q+ 58. Kg7 Qb7+ 59. Kg8
Qc8+ 60. Kg7 Qd7+ 61. Kg8 Qe8+ 62. Kg7 Qe5+ 63. Kg8 Qg5+ 64. Kh7 Kd4 {White
resigns} 0-1

[Event "Team 45 45 League T76"]
[Site "Internet Chess Club"]
[Date "2018.04.08"]
[Round "3"]
[White "g8wrb"]
[Black "mongmong"]
[Result "0-1"]
[WhiteElo "1297"]
[BlackElo "1520"]
[Opening "French: Tarrasch"]
[ECO "C03"]
[Time "11:01:24"]
[TimeControl "2700+45"]

1. e4 e6 2. d4 d5 3. Nd2 h6 4. Bd3 c5 5. exd5 Qxd5 6. Ngf3 cxd4 7. Bc4 Qd7 8.
Nb3 a6 9. Nbxd4 Bc5 10. O-O Nf6 11. Bf4 O-O 12. c3 b5 13. Bb3 Bb7 14. Re1 Nc6
15. Nxc6 Qxc6 16. Qc2 Ng4 17. Re2 Qc8 18. Ne5 Nxe5 19. Rxe5 Bd6 20. Rae1 Bxe5
21. Bxe5 Bd5 22. Qd3 Bc4 23. Qg3 f6 24. Bd6 Rf7 25. Bf4 Bxb3 26. axb3 Kh7 27.
Qd3+ g6 28. Qh3 g5 29. Rxe6 Qd7 30. Qf5+ Kg7 31. Bd6 Re8 32. Bf8+ Rfxf8 {White
resigns} 0-1

[Event "Team 45 45 League T76 u"]
[Site "Internet Chess Club"]
[Date "2018.04.08"]
[Round "3"]
[White "Toalla"]
[Black "guyd52"]
[Result "1/2-1/2"]
[WhiteElo "1217"]
[BlackElo "1280"]
[Opening "QGD Slav: 3.Nf3"]
[ECO "D11"]
[Time "09:12:59"]
[TimeControl "2700+45"]

1. d4 d5 2. c4 c6 3. Nf3 Nf6 4. Bf4 Nbd7 5. e3 Nh5 6. Bg3 Nxg3 7. hxg3 h6 8.
cxd5 cxd5 9. Bb5 e6 10. a3 Bd6 11. Nc3 O-O 12. Qc2 Nf6 13. Bd3 Qc7 14. Nb5 Qb8
15. Nxd6 Qxd6 16. Rc1 Bd7 17. Qc7 Qxc7 18. Rxc7 Rfc8 19. Rxc8+ Rxc8 20. Kd2 Ng4
21. Ke2 g6 22. Nd2 Kg7 23. f3 Nf6 24. g4 Ba4 25. Nb1 Bc2 26. Nc3 Bxd3+ 27. Kxd3
a6 {Game drawn by mutual agreement} 1/2-1/2

[Event "Team 45 45 League T76"]
[Site "Internet Chess Club"]
[Date "2018.04.06"]
[Round "3"]
[White "rhayder"]
[Black "Just-Jim"]
[Result "0-1"]
[WhiteElo "1211"]
[BlackElo "1168"]
[Opening "Four knights: Spanish variation"]
[ECO "C48"]
[Time "17:38:56"]
[TimeControl "2700+45"]

1. e4 e5 2. Nf3 Nf6 3. Nc3 Nc6 4. Bb5 d6 5. d3 Bd7 6. Bg5 h6 7. Bh4 Be7 8. Bxf6
Bxf6 9. Nd5 a6 10. Nxf6+ Qxf6 11. Bxc6 Bxc6 12. Qd2 O-O 13. O-O-O d5 14. exd5
Bxd5 15. Qe3 Rfe8 16. Qc5 c6 17. Rhg1 Qf4+ 18. Rd2 Rab8 19. g3 Qxf3 20. Qe3 Qxe3
21. fxe3 b5 22. Kb1 f6 23. Rf1 a5 24. e4 Be6 25. Rg1 c5 26. g4 Red8 27. h4 c4
28. g5 hxg5 29. hxg5 f5 30. exf5 Bxf5 31. Rf1 Bg6 32. Rfd1 cxd3 33. cxd3 Rb7 34.
Ka1 Rbd7 35. Rc1 Rxd3 36. Rxd3 Rxd3 37. Rc8+ Kh7 38. b3 Rd1+ 39. Kb2 Rb1+ 40.
Ka3 Bf5 41. Rc5 b4+ 42. Ka4 Ra1 43. Rxa5 Rxa2+ 44. Kxb4 Rxa5 45. Kxa5 e4 46. b4
Bd7 47. b5 Bxb5 48. Kxb5 e3 49. Kc4 e2 50. Kd3 e1=Q {White resigns} 0-1

[Event "Team 45 45 League T76"]
[Site "Internet Chess Club"]
[Date "2018.04.06"]
[Round "3"]
[White "WzeroMN"]
[Black "Graybeard"]
[Result "1-0"]
[WhiteElo "1154"]
[BlackElo "1023"]
[Opening "French: advance, Paulsen attack"]
[ECO "C02"]
[Time "15:02:00"]
[TimeControl "2700+45"]

1. e4 e6 2. d4 d5 3. e5 c5 4. c3 Nc6 5. Nf3 Qb6 6. Be2 cxd4 7. cxd4 Nge7 8. O-O
Ng6 9. b3 Be7 10. Nc3 a6 11. Na4 Qc7 12. a3 Bd8 13. Nc5 O-O 14. Bg5 b6 15. Bxd8
Rxd8 16. Nd3 Qe7 17. b4 Bb7 18. Rc1 Rdc8 19. Qd2 h6 20. Nf4 Nh4 21. Nxh4 Qxh4
22. g3 Qe7 23. Qd3 Qe8 24. Bd1 b5 25. Bc2 g6 26. Nh5 Qf8 27. Nf6+ Kg7 28. Nh5+
Kg8 29. Nf6+ Kh8 30. Nh5 Qg8 31. Nf6 Qg7 32. Ng4 Ne7 33. Nf6 Nf5 34. g4 Nh4 35.
g5 Nf5 36. gxh6 Nxh6 37. Qh3 Rxc2 38. Rxc2 Qf8 39. Ng4 Kh7 40. Qxh6+ Qxh6 41.
Nxh6 Kxh6 42. Rc7 Rb8 43. Rxf7 Bc8 44. Rf8 Kg5 45. Kg2 a5 46. Kg3 Kh6 47. Kg4
Kg7 48. Rf3 Rb7 49. Kg5 Rf7 50. Rxf7+ Kxf7 51. bxa5 b4 52. axb4 Kg7 53. Rc1 Ba6
54. Rc6 Bb5 55. Rc7+ Kg8 56. Rc8+ Kf7 57. Rb8 Bd3 58. b5 Bxb5 59. Rxb5 Kf8 60.
Rb7 Ke8 61. a6 Kd8 62. a7 {Black resigns} 1-0

[Event "Team 45 45 League T76"]
[Site "Internet Chess Club"]
[Date "2018.04.05"]
[Round "3"]
[White "smsxman"]
[Black "Balderdash"]
[Result "0-1"]
[WhiteElo "1307"]
[BlackElo "1251"]
[Opening "Four knights game"]
[ECO "C47"]
[Time "12:00:09"]
[TimeControl "2700+45"]

1. e4 e5 2. Nc3 Nc6 3. Nf3 Nf6 4. d3 d5 5. Bg5 Be7 6. Bxf6 gxf6 7. Nxd5 Bc5 8.
Be2 Nd4 9. Nxd4 Bxd4 10. c3 Bc5 11. h3 Be6 12. Ne3 Qd7 13. Bg4 O-O-O 14. Bxe6
fxe6 15. Ng4 h5 16. Nxf6 Qf7 17. Qf3 Rdf8 18. Nxh5 Qxf3 19. gxf3 Rxh5 20. Ke2
Rfh8 21. b4 Bb6 22. c4 c6 23. c5 Bd8 24. Rag1 Rxh3 25. Rxh3 Rxh3 26. Rg6 Kd7 27.
Rg7+ Be7 28. Rg3 Rh1 29. Rg5 Ra1 30. Rxe5 Rxa2+ 31. Kf1 Bh4 32. Rh5 Be7 33. f4
Rb2 34. f5 Rxb4 35. fxe6+ Kxe6 36. f4 Rb1+ 37. Ke2 Rb2+ 38. Ke3 Kd7 39. d4 a5
40. f5 a4 41. Rh1 Rb3+ 42. Kf4 Rd3 43. Ke5 a3 44. f6 Bf8 45. Rb1 a2 46. Rxb7+
Kc8 47. Ra7 Rd2 48. d5 Bxc5 49. Ra8+ Kb7 50. Ra4 cxd5 51. exd5 Bd4+ 52. Ke6 Re2+
53. Kf7 Rf2 54. Rxa2 Rxa2 55. Ke6 Re2+ 56. Kd7 Bxf6 57. d6 Be5 58. Ke6 Bg3+ 59.
Kd7 Rd2 {White resigns} 0-1

[Event "Team 45 45 League T76"]
[Site "Internet Chess Club"]
[Date "2018.04.04"]
[Round "3"]
[White "pita"]
[Black "rkjulianjr"]
[Result "0-1"]
[WhiteElo "1199"]
[BlackElo "1307"]
[Opening "QGD Slav: exchange variation"]
[ECO "D12"]
[Time "18:53:35"]
[TimeControl "2700+45"]

1. d4 d5 2. Nf3 Nf6 3. c4 c6 4. e3 Bf5 5. cxd5 cxd5 6. Nc3 e6 7. Bb5+ Nbd7 8.
Nh4 Bg6 9. Nxg6 hxg6 10. O-O Qc7 11. h3 Bd6 12. Bd2 a6 13. Bd3 O-O 14. Rc1 Qd8
15. e4 dxe4 16. Nxe4 Nxe4 17. Bxe4 Qb6 18. Qf3 Qxb2 19. Rb1 Qxd2 20. Bxb7 Rad8
21. Bxa6 Qf4 22. Qxf4 Bxf4 23. Rb4 Rb8 24. Rfb1 Rxb4 25. Rxb4 Rb8 26. Rb7 Rxb7
27. Bxb7 Nb6 28. Kf1 Bc1 29. Ke2 Ba3 30. Kd3 Kf8 31. Be4 Ke7 32. Kc3 Kd6 33. Kb3
Bc1 34. Kc2 Bg5 35. Kd3 e5 36. dxe5+ Kxe5 37. g3 Na4 38. f4+ Bxf4 39. gxf4+ Kxf4
40. Bd5 f6 41. Kd4 Kg3 42. Bc6 Nb2 43. a4 Nxa4 44. Bxa4 Kxh3 45. Bc6 g5 46. Ke3
Kg3 47. Ke4 g6 48. Be8 f5+ 49. Kd3 f4 50. Bxg6 g4 51. Be4 Kf2 {White resigns}
0-1

[Event "Team 45 45 League T76"]
[Site "Internet Chess Club"]
[Date "2018.04.06"]
[Round "3"]
[White "oldprez1"]
[Black "tilletio"]
[Result "0-1"]
[WhiteElo "1269"]
[BlackElo "1187"]
[Opening "English: Caro-Kann defensive system"]
[ECO "A11"]
[Time "08:01:24"]
[TimeControl "2700+45"]

1. c4 c6 2. Nc3 d5 3. cxd5 cxd5 4. d4 Nf6 5. g3 Nc6 6. Bg2 Bf5 7. e3 e6 8. Nge2
Bd6 9. a3 O-O 10. Nb5 Be7 11. O-O a6 12. Nbc3 Qd7 13. f3 e5 14. dxe5 Nxe5 15.
Nf4 Rfd8 16. b4 Nc4 17. Ncxd5 Nxd5 18. Nxd5 Qxd5 19. Qxd5 Rxd5 20. e4 Bf6 21.
Ra2 Bd4+ 22. Kh1 Bxe4 23. fxe4 Rh5 24. Rf4 Ne5 25. Bb2 Bxb2 26. Bf3 Nxf3 27.
Rxf3 Be5 28. Raf2 f6 29. Kg2 Kf7 30. h3 b5 31. g4 Rh4 32. Rc2 Ke6 33. Rd3 h5 34.
Rc6+ Ke7 35. gxh5 Rxh5 36. Rf3 Kd7 37. Rc5 Rg5+ 38. Kf2 Bd4+ 39. Ke2 Bxc5 40.
bxc5 Rxc5 41. Rg3 g5 42. Rf3 Ke6 {White resigns} 0-1

[Event "Team 45 45 League T76"]
[Site "Internet Chess Club"]
[Date "2018.04.09"]
[Round "3"]
[White "tasawyer81"]
[Black "vedv"]
[Result "1-0"]
[WhiteElo "1139"]
[BlackElo "984"]
[Opening "Queen's pawn, Mason variation"]
[ECO "D00"]
[Time "17:54:58"]
[TimeControl "2700+45"]

1. d4 d5 2. Bf4 Bf5 3. e3 Nc6 4. c3 Nf6 5. Nd2 e6 6. Ngf3 Bd6 7. Bg3 Bxg3 8.
hxg3 O-O 9. Ne5 Nxe5 10. dxe5 Nd7 11. Nf3 Bg4 12. Bd3 Nxe5 13. Bxh7+ Kh8 14.
Bf5+ Kg8 15. Bxg4 Nxg4 16. Qc2 g6 17. Nd4 c5 18. Nxe6 fxe6 19. Qxg6# {Black
checkmated} 1-0